 Dungeon Crawl Stone Soup version 0.27-a0-1188-g73eefd5def (webtiles) character file.

Game seed: 12758134367724526112

128 porpoise the Skirmisher (level 4, -2/38 HPs)
             Began as a Demonspawn Fighter on May 21, 2021.
             Slain by a gnoll
             ... wielding a +0 halberd
              (6 damage)
             ... on level 3 of the Dungeon.
             The game lasted 00:05:46 (2531 turns).

porpoise the Skirmisher (Demonspawn Fighter)        Turns: 2531, Time: 00:05:47

Health: -2/38      AC:  8    Str: 17    XL:     4   Next: 87%
Magic:  3/4        EV:  4    Int:  9    God:
Gold:   121        SH:  8    Dex: 13    Spells: 3/3 levels left

rFire    . . .     SeeInvis .   a - +0 trident
rCold    . . .     Faith    .   c - +0 kite shield
rNeg     . . .     Spirit   .   f - +0 chain mail
rPois    .         Reflect  .   (no helmet)
rElec    .         Harm     .   (no cloak)
rCorr    .         Rampage  .   (no gloves)
Will     .....                  (no boots)
Stlth    ..........             (no amulet)
HPRegen  0.12/turn              (no ring)
MPRegen  0.18/turn              (no ring)

@: no status effects
A: foul stench 1, magic regeneration
a: no special abilities


You were on level 3 of the Dungeon.
You visited 1 branch of the dungeon, and saw 3 of its levels.

You collected 121 gold pieces.

Inventory:

Hand Weapons
 a - a +0 trident (weapon)
 b - a +0 hunting sling
Missiles
 e - 207 stones (quivered)
 h - 16 arrows
 j - 22 bolts
 o - 27 sling bullets
Armour
 c - a +0 kite shield (worn)
 f - a +0 chain mail (worn)
Scrolls
 g - 2 scrolls of magic mapping {unknown}
 k - a scroll of enchant weapon {unknown}
 l - 4 scrolls of identify {unknown}
 n - 4 scrolls of blinking {unknown}
 p - 2 scrolls of immolation {unknown}
 q - a scroll of noise {unknown}
Potions
 d - a potion of might
 i - a potion of heal wounds {unknown}
 m - a potion of berserk rage {unknown}
 r - a potion of magic {unknown}


   Skills:
 + Level 4.5 Fighting
 + Level 3.5 Polearms
 - Level 2.6 Armour
 - Level 2.6 Shields


You had 3 spell levels left.
You didn't know any spells.
Your spell library contained the following spells:

 Spells                   Type           Power      Damage    Failure   Level
 Magic Dart               Conj           0%         1d3       100%        1
 Searing Ray              Conj           0%         3d3       100%        2
 Dazzling Flash           Conj/Hex       0%         N/A       100%        3
 Fulminant Prism          Conj/Hex       0%         3d6       100%        4
 Iskenderun's Mystic Bla  Conj/Tloc      0%         2d3       100%        4


Dungeon Overview and Level Annotations

Branches:
Dungeon (3/15)

Altars:


Innate Abilities, Weirdness & Mutations

You may rarely emit foul miasma when damaged in melee.
You regenerate magic rapidly.


Message History

Aim: a gnoll, wielding a +0 antimagic spear (heavily wounded, about 39% to evade your +0 trident)
You reach to attack!
You hit the gnoll.
The gnoll is severely wounded.
You block the gnoll's attack.
Reach: a) +0 trident
Press: ? - help, Dir - move target, f/p - gnoll
Aim: a gnoll, wielding a +0 antimagic spear (severely wounded, about 40% to evade your +0 trident)
You reach to attack!
You closely miss the gnoll.
The gnoll is severely wounded.
The gnoll hits you from afar with a +0 antimagic spear.
The gnoll hits you but does no damage.
Reach: a) +0 trident
Press: ? - help, Dir - move target, f/p - gnoll
Aim: a gnoll, wielding a +0 antimagic spear (severely wounded, about 39% to evade your +0 trident)
You reach to attack!
You hit the gnoll.
You kill the gnoll!
The gnoll hits you but does no damage.
Okay, then.
Unknown command.
Reach: a) +0 trident
Press: ? - help, Dir - move target, f - gnoll
Aim: a gnoll, wielding a +0 halberd (about 40% to evade your +0 trident)
You reach to attack!
You closely miss the gnoll.
The gnoll hits you from afar with a +0 halberd.
Unknown command.
Reach: a) +0 trident
Press: ? - help, Dir - move target, f/p - gnoll
Aim: a gnoll, wielding a +0 halberd (about 40% to evade your +0 trident)
You reach to attack!
You puncture the gnoll!
The gnoll is severely wounded.
The gnoll hits you from afar with a +0 halberd!
* * * LOW HITPOINT WARNING * * *
Reach: a) +0 trident
Press: ? - help, Dir - move target, f/p - gnoll
Aim: a gnoll, wielding a +0 halberd (severely wounded, about 39% to evade your +0 trident)
You reach to attack!
Your shield prevents you from hitting the gnoll.
The gnoll is severely wounded.
The gnoll hits you from afar with a +0 halberd.
You die...

###########
#.........########
#................#
#................###
######.............#
#...........#.#
#...........#.#
#...........#.#
#........@..#.#
#########'###.#
#g###.#
#############.#...#
#.............#.###
####.............#.#
...........g....##.#
.................#.#
..>..<...........#.#


You could see a gnoll.

Vanquished Creatures
  2 gnolls (D:3)
  3 adders (D:2)
  A dart slug (D:1)
  8 endoplasms
  3 giant cockroaches
  7 goblins
  4 hobgoblins
  16 jackals
  2 quokkas
  9 ball pythons
  A ball python skeleton (D:2)
  A ball python zombie (D:2)
  5 bats
  2 frilled lizards
  A jackal zombie (D:2)
  3 kobolds
  3 rats
71 creatures vanquished.

Vanquished Creatures (others)
  8 withered plants (D:2)
8 creatures vanquished.

Grand Total: 79 creatures vanquished

Notes
Turn   | Place    | Note
-------+----------+-------------------------------------------
     0 | D:1      | porpoise the Demonspawn Fighter began the quest for the
                  | Orb.
     0 | D:1      | Reached XP level 1. HP: 18/18 MP: 1/1
   409 | D:1      | Gained mutation: You may rarely emit foul miasma when
                  | damaged in melee. [demonic ancestry]
   409 | D:1      | Reached XP level 2. HP: 20/24 MP: 2/2
   834 | D:1      | Gained mutation: You regenerate magic rapidly. [demonic
                  | ancestry]
   834 | D:1      | Reached XP level 3. HP: 25/30 MP: 3/3
  1444 | D:2      | Reached skill level 4 in Fighting
  1708 | D:2      | Reached XP level 4. HP: 35/37 MP: 4/4
  1823 | D:2      | Found a faded altar of an unknown god.
  2531 | D:3      | Slain by a gnoll

Illustrated notes

Levels and vault maps discovered:
D:1:      dpeg_arrival_rooms_b, layout_basic, grunt_decor_cap
D:2:      layout_basic, ebering_ecumenical_altar_abandoned, serial_undead,
          serial_undead_b, serial_undead_f, serial_undead_c, serial_undead_b
D:3:      layout_basic, grunt_ministairs_3, minmay_misc_feat_enclosed,
          uniq_robin

Skill      XL: |  1  2  3 |
---------------+----------+-----
Polearms       | 2 3 |  3.5
Fighting       | 4 |  4.5
Armour         | |  2.6
Shields        | |  2.6

Action                   |  1- 3 |  4- 6 || total
-------------------------+-------+-------++-------
Melee: Trident           |   137 |    63 ||   200
 Fire: Hunting sling     |    16 |    14 ||    30
Armor: Scale mail        |     4 |       ||     4
       Chain mail        |    66 |    44 ||   110
Dodge: Dodged            |    23 |    12 ||    35
Block: Kite shield       |    55 |    33 ||    88

Table legend: (Time is in decaauts)
 A = Elapsed time spent in this place.
 B = Non-inter-level travel time spent in this place.
 C = Inter-level travel time spent in this place.
 D = Time resting spent in this place.
 E = Time spent auto-exploring this place.
 F = Levels seen in this place.
 G = Mean time per level.
                   A        B        C        D        E       F      G
               +--------+--------+--------+--------+--------+-----+--------+
         Total |   2615 |   2566 |     49 |    507 |   1549 |   3 |  871.7 |
       Dungeon |   2615 |   2566 |     49 |    507 |   1549 |   3 |  871.7 |
               +--------+--------+--------+--------+--------+-----+--------+

Top non-repeatable levels by time:
     D:1: 1208 daAuts
     D:2: 949 daAuts
     D:3: 456 daAuts
